 Dungeon Crawl Stone Soup version 0.29.1-2-gbd0b4ee654 (webtiles) character file.

Game seed: 9408476798415586459

51815 croobank the Spry (level 14, -5/70 HPs)
             Began as a Felid Summoner on Oct 30, 2022.
             Was an Initiate of Gozag.
             Slain by a redback (9 damage)
             ... on level 1 of the Spider Nest on Oct 31, 2022.
             The game lasted 03:08:37 (37096 turns).

croobank the Spry (Felid Summoner)                 Turns: 37096, Time: 03:08:38

Health: -5/70      AC:  3    Str: 14    XL:     14   Next: 24%
Magic:  21/31      EV: 15    Int: 25    God:    Gozag
Gold:   4470       SH:  0    Dex: 18    Spells: 3/37 levels left
                                        Lives:  0   Deaths: 5

rFire   + + .      SeeInvis +   (weapon unavailable)
rCold   + + .      Faith    .   (shield unavailable)
rNeg    + . .      Spirit   .   (body armour unavailable)
rPois   +          Reflect  .   (helmet unavailable)
rElec   .          Harm     .   (cloak unavailable)
rCorr   .          Rampage  .   (gloves unavailable)
Will    ++...                   (boots unavailable)
Stlth   ++........              I - amulet of Nojenalu {rPois rC+ Regen+ Str+3 Stlth-}
HPRegen 1.01/turn               H - ring of protection from fire
MPRegen 0.22/turn               w - ring of Mysticism {rF+ rN+ Str+3 Int+4 Slay-3}

@: gold aura, held, quick
A: very small, claws 1, fangs 3, see invisible, speed 1, shaggy fur 3, stealthy
paws, no weapons or thrown items, no armour, multi-lived, strong 1
a: Renounce Religion, Potion Petition, Call Merchant, Bribe Branch


You were on level 1 of the Spider Nest.
You worshipped Gozag.
Gozag was most pleased with you.
You visited 6 branches of the dungeon, and saw 25 of its levels.
You also visited: Bailey and Ice Cave.

You collected 9685 gold pieces.
You spent 2250 gold pieces at shops.
You paid 2965 gold pieces to Gozag.

Inventory:

Jewellery
 a - a +4 ring of protection
 m - the ring of Youthful Indiscretion {rC+ MP+9 Int+3 SInv}
   (You acquired it in a bailey)

   [ring of magical power]

   Int:       It affects your intelligence (+3).
   rC:        It protects you from cold.
   MP:        It affects your magic capacity (+9).
   SInv:      It lets you see invisible.
 r - the amulet "Cuodeb" {Reflect Str+5 Int+4 SH+5}
   (You found it on level 7 of the Dungeon)

   [amulet of reflection]

   It reflects blocked missile attacks.
   Str:       It affects your strength (+5).
   Int:       It affects your intelligence (+4).
   SH:        It affects your SH (+5).
 t - a ring of ice
 w - the ring of Mysticism (right paw) {rF+ rN+ Str+3 Int+4 Slay-3}
   (You found it on level 9 of the Dungeon)

   [ring of protection from fire]

   Str:       It affects your strength (+3).
   Int:       It affects your intelligence (+4).
   Slay:      It affects your accuracy & damage with ranged weapons and melee
   (-3).
   rF:        It protects you from fire.
   rN:        It protects you from negative energy.
 H - a ring of protection from fire (left paw)
 I - the amulet of Nojenalu (around neck) {rPois rC+ Regen+ Str+3 Stlth-}
   (You acquired it on level 13 of the Dungeon)

   [amulet of regeneration]

   Str:       It affects your strength (+3).
   rC:        It protects you from cold.
   rPois:     It protects you from poison.
   Regen:     It increases your rate of health regeneration.
   Stlth:     It makes you less stealthy.
 J - a ring of fire
 N - a ring of willpower
 Q - a ring of resist corrosion
Wands
 f - a wand of paralysis (19)
 i - a wand of digging (4)
 y - a wand of iceblast (10)
 z - a wand of mindburst (16)
 A - a wand of acid (9)
 G - a wand of polymorph (2)
 P - a wand of flame (5)
Scrolls
 c - a scroll of poison
 e - 9 scrolls of teleportation
 h - 3 scrolls of noise
 l - 14 scrolls of immolation
 p - 5 scrolls of vulnerability
 u - 4 scrolls of amnesia
 v - a scroll of magic mapping
 D - 7 scrolls of identify
 K - a scroll of butterflies
Potions
 b - 3 potions of might
 d - 3 potions of lignification
 g - 3 potions of flight
 j - 3 potions of resistance
 k - 8 potions of curing
 n - 2 potions of invisibility
 o - 6 potions of haste
 s - 6 potions of heal wounds
 x - 8 potions of attraction
 B - a potion of berserk rage
 C - a potion of brilliance
 E - 3 potions of cancellation
 F - a potion of mutation
 O - a potion of magic
Miscellaneous
 q - a phantom mirror
 M - a lightning rod (4/4)


   Skills:
 + Level 13.0 Fighting
 + Level 17.0 Dodging
 - Level 3.3 Stealth
 + Level 12.0 Spellcasting
 - Level 8.1 Hexes
 + Level 15.7 Summonings
 - Level 9.2 Necromancy
 - Level 7.0 Air Magic


You had 3 spell levels left.
You knew the following spells:

 Your Spells              Type           Power      Damage    Failure   Level
a - Summon Small Mammal   Summ           100%       N/A       0%          1
b - Call Imp              Summ           76%        N/A       0%          2
c - Call Canine Familiar  Summ           76%        N/A       1%          3
d - Summon Guardian Gole  Hex/Summ       65%        N/A       1%          3
e - Summon Lightning Spi  Summ/Air       64%        N/A       1%          4
f - Summon Cactus Giant   Summ           38%        N/A       1%          6
g - Dispel Undead         Necr           57%        3d20      1%          4
h - Tukima's Dance        Hex            54%        N/A       1%          3
i - Summon Horrible Thin  Summ           38%        N/A       38%         8

Your spell library contained the following spells:

 Spells                   Type           Power      Damage    Failure   Level
 Poisonous Vapours        Pois/Air       64%        N/A       1%          2
 Static Discharge         Conj/Air       32%        3-7/arc   1%          2
 Dazzling Flash           Conj/Hex       70%        N/A       2%          3
 Magic Dart               Conj           60%        1d6       4%          1
 Scorch                   Fire           30%        2d6       6%          2
 Searing Ray              Conj           30%        2d5       6%          2
 Gell's Gravitas          Tloc           15%        N/A       12%         3
 Lesser Beckoning         Tloc           15%        N/A       12%         3
 Teleport Other           Tloc           15%        N/A       12%         3
 Agony                    Necr           57%        N/A       2%          5
 Silence                  Hex/Air        26%        N/A       4%          5
 Fulminant Prism          Conj/Hex       17%        3d11      8%          4
 Lightning Bolt           Conj/Air       16%        1d30      26%         5
 Flame Wave               Conj/Fire      15%        2d7       36%         4
 Ice Form                 Ice/Tmut       15%        N/A       36%         4
 Sticky Flame             Conj/Fire      15%        2d4       36%         4
 Freezing Cloud           Conj/Ice/Air   13%        6-21      38%         5
 Alistair's Intoxication  Tmut/Pois      10%        N/A       73%         5
 Blade Hands              Tmut           7%         N/A       73%         5
 Malign Gateway           Summ/Tloc      26%        N/A       80%         7
 Spellforged Servitor     Conj/Summ      26%        N/A       80%         7
 Orb of Destruction       Conj           7%         9d6       100%        7
 Maxwell's Capacitive Co  Air            25%        ∞         100%        8
 Portal Projectile        Hex/Tloc       Unusable   N/A       N/A         3
 Corpse Rot               Necr/Pois/Air  Unusable   N/A       N/A         4

Dungeon Overview and Level Annotations

Branches:
Dungeon (15/15)            Temple (1/1) D:4            Lair (5/5) D:11
  Swamp (0/4) Lair:2       Spider (1/4) Lair:2        Slime (0/5) Lair:4
    Orc (2/2) D:11            Elf (1/3) Orc:2        Vaults (0/5) D:14
 Bailey (visited)           IceCv (visited)
 Depths: D:15

Altars:
Ashenzari
Cheibriados
Dithmenos
Elyvilon
Fedhas
Gozag
Hepliaklqana
Kikubaaqudgha
Makhleb
Nemelex Xobeh
Okawaru
Qazlal
Ru
Sif Muna
Trog
Uskayaw
Vehumet
Wu Jian
Xom
Yredelemnul
Zin
The Shining One
Jiyva

Shops:
D:5 (   D:6 (*   D:7 ?   D:10 :**   D:11 (   D:12 :!?*[   Orc:2 ![!=*


Innate Abilities, Weirdness & Mutations

You have sharp claws.
You have razor-sharp teeth.
You have supernaturally acute eyesight. (SInv)
You cover ground quickly. (Speed+)
Your thick and shaggy fur keeps you warm. (AC +3, rC+)
Your paws help you pounce on unaware monsters.
You are incapable of wielding weapons or throwing items.
You cannot wear armour.
You gain extra lives every three experience levels.
Your muscles are strong. (Str +4, Int/Dex -1)


Message History

You are caught in a web!
The jumping spider bites you but does no damage.
The jumping spider misses you. x2; The culicivora bites you!
The culicivora draws strength from your injuries!
You struggle to detach yourself from the web.
The tarantella is no longer distracted by gold.
The jumping spider pounces on you!
You are even more entangled.
The jumping spider bites you. The culicivora barely misses you.
Your cactus giant hits the jumping spider but does no damage.
You struggle to detach yourself from the web.
The culicivora misses you.
The jumping spider leaps!
The demonic crawler hits you!
* * * LOW HITPOINT WARNING * * *
The demonic crawler closely misses you.
The demonic crawler completely misses you.
The tarantella is struck by your cactus giant's spines.
The tarantella touches your cactus giant.
You feel much better. The redback bites you!
You are poisoned.
The redback poisons you!
The tarantella is healed somewhat.
The tarantella is struck by your cactus giant's spines.
The tarantella dies!
The demonic crawler hits you! The demonic crawler misses you.
The demonic crawler hits you!
* * * LOW HITPOINT WARNING * * *
[a] - 493 gold - lignification, might and resistance [b] - 176 gold - heal wounds and curing [c] - 550 gold - invisibility, might and haste Purchase which effect?
You feel much better.
You feel better. The redback bites you!
The jumping spider leaps!
The redback bites you! The demonic crawler hits you!
* * * LOW HITPOINT WARNING * * *
The demonic crawler hits you.
* * * LOW HITPOINT WARNING * * *
The demonic crawler hits you!
* * * LOW HITPOINT WARNING * * *
Your cactus giant hits the demonic crawler with a +0 giant spiked club!!
The redback bites you!
You die...
Your body crumbles into a pile of gold.

.#.. .#. ###..
###.^. #.#^.#
#....# $ #.s°###
#8@s#s# ##
###ss.#.^^# #
#.#.C$..# ..#
##.$.##s.#
....##.....#.....
....^...######..##
..##s^.......##...
##.##....## ....
###..#...# ####


You could see a demonic crawler, a jumping spider (ally target), 3 redbacks, a
friendly cactus giant (summoned) and a friendly lightning spire (summoned).

Vanquished Creatures
  A warg (Orc:2)
  2 electric eels (Lair:4)
  An orc (D:5)
  A ball python (D:4)
  A giant cockroach (D:1)
  2 hobgoblins
  A quokka (D:1)
  A kobold (D:6)
10 creatures vanquished.

Vanquished Creatures (collateral kills)
  An orc warlord (Orc:2)
  Azrael (Orc:2)
  An entropy weaver (Spider:1)
  Josephine (D:14)
  A fire dragon (Lair:5)
  3 boulder beetles
  Harold (Orc:1)
  Erolcha (D:10)
  A radroach (Spider:1)
  2 centaur warriors (D:14)
  4 hydras
  Erica (D:10)
  3 dancing weapons (Elf:1)
  3 two-headed ogres
  An orc high priest (Orc:2)
  7 death yaks
  Urug (Lair:2)
  Sonja (D:11)
  A deep elf knight (Elf:1)
  The ghost of funnyparkerb the Slicer, a novice VSBr of Uskayaw (D:9)
  Lodul (D:10)
  3 deep elf archers (Elf:1)
  2 lindwurms (Lair:5)
  9 deep elf pyromancers
  10 orc knights
  A cyclops (D:13)
  2 wolf spiders
  4 deep elf zephyrmancers (Elf:1)
  15 ugly things
  3 orc sorcerers
  A manticore (D:11)
  A guardian serpent (shapeshifter) (D:13)
  Maurice (D:10)
  Joseph (Lair:1)
  4 black mambas
  17 elephants
  6 torpor snails
  10 cane toads
  3 rime drakes
  2 kobold demonologists (Bailey)
  8 komodo dragons
  5 yaktaurs (D:14)
  An efreet (D:13)
  An ice devil (IceCv)
  A freezing wraith (D:12)
  An anaconda simulacrum (IceCv)
  6 trolls
  13 polar bears
  A tarantella (shapeshifter) (Elf:1)
  4 tyrant leeches (Lair:5)
  3 tarantellas (Spider:1)
  8 hornets (Lair:5)
  Prince Ribbit (D:6)
  8 slime creatures
  A dream sheep (Lair:5)
  10 blink frogs
  A raiju (Lair:5)
  7 wyverns
  4 shadows
  A centaur simulacrum (D:14)
  27 yaks
  6 wraiths
  6 fire elementals
  3 culicivoras
  The ghost of llahlahkje the Cudgeller, an amateur MeFi (D:3)
  2 fire bats (Lair:5)
  5 basilisks
  A human (shapeshifter) (D:13)
  The ghost of wingedge the Trooper, an amateur BaEn (D:3)
  9 vampire mosquitoes
  5 redbacks
  20 wargs
  18 hell hounds
  4 acid dragons
  3 ice beasts
  9 water moccasins
  52 orc warriors
  21 black bears
  A boggart (D:14)
  14 ogres
  29 wolves
  2 phantoms
  6 centaurs
  4 kobold brigands
  A gnoll sergeant (D:8)
  19 bullfrogs
  2 two-headed ogre simulacra (IceCv)
  3 scorpions
  5 wights (D:9)
  Dowan (D:6)
  5 killer bees (D:11)
  2 hounds
  3 jellies
  12 orc priests
  Crazy Yiuf (D:3)
  3 iguanas
  23 orc wizards
  A polar bear simulacrum (IceCv)
  8 ogre zombies (D:11)
  A boggart simulacrum (D:14)
  7 adders
  13 gnolls
  2 shadow imps
  4 white imps
  2 ufetubi
  3 dart slugs
  85 orcs
  8 endoplasms
  4 giant cockroaches (D:1)
  19 goblins
  13 hobgoblins
  5 jackals
  21 kobolds
  5 quokkas
  10 ball pythons
  8 bats
  2 frilled lizards
  A goblin skeleton (D:11)
  3 goblin zombies (D:11)
  3 hobgoblin skeletons (D:11)
  3 hobgoblin zombies (D:11)
  3 orc skeletons (D:11)
  12 orc zombies (D:11)
  5 rats (D:1)
797 creatures vanquished.

Vanquished Creatures (others)
  Fannar (D:10)
  3 orc knights (Orc:2)
  Psyche (D:10)
  4 dancing weapons
  A wraith (D:10)
  4 yaks
  A water moccasin (D:6)
  Duvessa (D:6)
  3 orc warriors
  3 ogres
  Blork the orc (D:5)
  2 gnoll sergeants (D:7)
  A gnoll bouda (D:5)
  An iguana (D:5)
  A jelly (D:4)
  An adder (D:6)
  5 gnolls
  An orc (D:10)
  91 fungi
  98 plants
224 creatures vanquished.

Grand Total: 1031 creatures vanquished

Notes
Turn   | Place    | Note
-------+----------+-------------------------------------------
     0 | D:1      | croobank the Felid Summoner began the quest for the Orb.
     0 | D:1      | Reached XP level 1. HP: 7/7 MP: 4/4
   202 | D:1      | Reached skill level 3 in Dodging
   373 | D:1      | Reached XP level 2. HP: 11/11 MP: 4/6
   376 | D:1      | Learned a level 2 spell: Call Imp
  1003 | D:1      | Found a faded altar of an unknown god.
  1301 | D:1      | Reached XP level 3. HP: 14/14 MP: 3/7
  1305 | D:1      | Learned a level 3 spell: Call Canine Familiar
  2883 | D:2      | Reached skill level 1 in Fighting
  2883 | D:2      | Reached XP level 4. HP: 19/19 MP: 8/8
  3123 | D:3      | Found a runed translucent gate.
  3123 | D:3      | Found a runed translucent gate.
  3125 | D:3      | Found a runed translucent gate.
  3289 | D:3      | Noticed llahlahkje's ghost (amateur MeFi)
  3289 | D:3      | Noticed wingedge's ghost (amateur BaEn)
  3342 | D:3      | Reached skill level 4 in Dodging
  3354 | D:3      | Reached XP level 5. HP: 15/22 MP: 1/10
  3369 | D:3      | Learned a level 3 spell: Summon Guardian Golem
  4355 | D:3      | Found a runed translucent door.
  4356 | D:3      | Noticed Crazy Yiuf
  4367 | D:3      | Killed Crazy Yiuf
  4368 | D:3      | Reached skill level 1 in Hexes
  4516 | D:4      | Noticed a phantom
  4553 | D:4      | Killed a phantom
  4554 | D:4      | Gained mutation: You are covered in thick fur. (AC +2)
                  | [Felid growth]
  4554 | D:4      | Reached XP level 6. HP: 26/26 MP: 4/11
  5081 | D:4      | Reached skill level 5 in Summonings
  5400 | D:4      | Noticed an orc warrior
  5409 | D:4      | Killed an orc warrior
  5410 | D:4      | Reached skill level 5 in Dodging
  5726 | D:4      | Reached XP level 7. HP: 30/30 MP: 6/13
  5731 | D:4      | Learned a level 4 spell: Summon Lightning Spire
  6057 | D:4      | Found a staircase to the Ecumenical Temple.
  6088 | Temple   | Entered the Ecumenical Temple
  6149 | Temple   | Became a worshipper of Gozag Ym Sagoz the Greedy
  6299 | D:5      | Entered Level 5 of the Dungeon
  6481 | D:4      | Reached skill level 1 in Air Magic
  6660 | D:5      | Reached skill level 6 in Dodging
  7304 | D:5      | Reached XP level 8. HP: 34/34 MP: 12/15
  7839 | D:5      | Noticed Blork the orc
  7851 | D:5      | Killed Blork the orc
  8330 | D:5      | Found Meschotill's Weapon Shop.
  8654 | D:6      | Killed by an exploding themself... ignited by their inner
                  | flame
  8655 | D:6      | Reached XP level 7. HP: -4/31 MP: 9/14
  8655 | D:6      | Reached skill level 5 in Hexes
  8656 | D:6      | Found Duap's Neck Hole.
  8810 | D:6      | Noticed Duvessa
  8823 | D:6      | Noticed Dowan
  8874 | D:6      | Killed Duvessa
  8875 | D:6      | Reached skill level 7 in Dodging
  8875 | D:6      | Reached XP level 8. HP: 31/36 MP: 2/16
  8889 | D:6      | Reached XP level 9. HP: 5/39 MP: 4/17
  8889 | D:6      | Killed from afar by Dowan
  8890 | D:6      | Reached XP level 8. HP: -2/36 MP: 4/16
  9100 | D:6      | Found Tiaqal's Weapon Shoppe.
  9100 | D:6      | Noticed Prince Ribbit
  9118 | D:6      | Killed Prince Ribbit
  9119 | D:6      | Reached skill level 5 in Spellcasting
  9365 | D:6      | Reached XP level 9. HP: 40/40 MP: 13/17
  9534 | D:6      | Reached skill level 5 in Fighting
 10035 | D:6      | Killed Dowan
 10290 | D:7      | Identified the amulet "Cuodeb" {Reflect Str+5 Int+4 SH+5}
 10512 | D:7      | Found Ylunank's Magic Scroll Shoppe.
 10519 | D:7      | Bought a scroll of blinking for 105 gold pieces
 10519 | D:7      | Bought a scroll of amnesia for 56 gold pieces
 10519 | D:7      | Bought a scroll of teleportation for 42 gold pieces
 10519 | D:7      | Bought a scroll of magic mapping for 105 gold pieces
 10519 | D:7      | Bought a scroll of identify for 28 gold pieces
 10736 | D:7      | Reached skill level 8 in Dodging
 11084 | D:8      | Found a shimmering altar of Xom.
 11503 | D:8      | Gained mutation: You are weak. (Str -2) [potion of
                  | mutation]
 11504 | D:8      | Lost mutation: You are weak. (Str -2) [potion of mutation]
 11504 | D:8      | Gained mutation: You have an increased reservoir of magic.
                  | (+10% MP) [potion of mutation]
 11716 | D:8      | Learned a level 6 spell: Summon Cactus Giant
 12103 | D:9      | Found a flagged portal.
 12136 | Bailey   | Entered a bailey
 12319 | Bailey   | Reached XP level 10. HP: 45/45 MP: 14/21
 12393 | Bailey   | Acquired the ring of Youthful Indiscretion {rC+ MP+9 Int+3
                  | SInv}
 12580 | Bailey   | Found an iron altar of Okawaru.
 13227 | D:9      | Reached skill level 9 in Dodging
 13440 | D:9      | Found a hazy altar of Hepliaklqana.
 13730 | D:9      | Found a runed translucent door.
 13730 | D:9      | Noticed a boulder beetle
 13733 | D:9      | Noticed funnyparkerb's ghost (novice VSBr)
 13860 | D:9      | Found a glowing silver altar of Zin.
 14104 | D:3      | Killed wingedge's ghost
 14105 | D:3      | Reached skill level 5 in Air Magic
 14109 | D:3      | Killed llahlahkje's ghost
 14331 | D:9      | Killed funnyparkerb's ghost
 14364 | D:9      | Killed a boulder beetle
 14365 | D:9      | Reached XP level 11. HP: 49/49 MP: 11/24
 14370 | D:9      | Identified the ring of Mysticism {rF+ rN+ Str+3 Int+4
                  | Slay-3}
 14499 | D:10     | Entered Level 10 of the Dungeon
 14499 | D:10     | Noticed Maurice
 14502 | D:10     | Noticed Erica
 14507 | D:10     | Killed Maurice
 14511 | D:10     | Noticed Erolcha
 14515 | D:10     | Noticed Fannar
 14694 | D:10     | Reached skill level 10 in Dodging
 14982 | D:9      | Found a basalt altar of Yredelemnul.
 14982 | D:9      | Found a broken altar of Ashenzari.
 14982 | D:9      | Found a shadowy altar of Dithmenos.
 15204 | D:10     | Killed Erolcha
 15206 | D:10     | Noticed Lodul
 15214 | D:10     | Killed Lodul
 15225 | D:10     | Noticed a two-headed ogre
 15270 | D:10     | Killed Fannar
 15364 | D:10     | Killed a two-headed ogre
 15400 | D:10     | Killed Erica
 15513 | D:10     | Noticed Psyche
 15522 | D:10     | Killed Psyche
 15523 | D:10     | Reached skill level 11 in Dodging
 15811 | D:10     | Noticed a deep elf pyromancer
 15811 | D:10     | Noticed a boulder beetle
 15811 | D:10     | Noticed a skeletal warrior
 15811 | D:10     | Noticed an eight-headed hydra
 15811 | D:10     | Noticed a seven-headed hydra
 15811 | D:10     | Noticed a tengu warrior
 15812 | D:10     | Noticed a centaur warrior
 15821 | D:10     | Noticed a skeletal warrior
 15821 | D:10     | Noticed a boulder beetle
 15884 | D:10     | Found an iron altar of Okawaru.
 15889 | D:10     | Found a bloodstained altar of Trog.
 16052 | D:11     | Gained mutation: Your thick and shaggy fur keeps you warm.
                  | (AC +3, rC+) [Felid growth]
 16052 | D:11     | Reached XP level 12. HP: 55/55 MP: 24/27
 16058 | D:11     | Found a staircase to the Orcish Mines.
 16468 | D:11     | Found a staircase to the Lair.
 16479 | D:11     | Noticed a boulder beetle
 16492 | D:11     | Killed a boulder beetle
 16601 | D:11     | Noticed Sonja
 16613 | D:11     | Killed Sonja
 16711 | D:11     | Noticed a two-headed ogre
 16724 | D:11     | Killed a two-headed ogre
 16804 | D:11     | Found Nafyuph's Antique Weapon Shop.
 17032 | D:10     | Bought a scroll of identify for 68 gold pieces
 17032 | D:10     | Bought a scroll labelled ZIMEUR YRAHA for 34 gold pieces
 17032 | D:10     | Bought a pink potion for 30 gold pieces
 17035 | D:10     | Bought a scroll of teleportation for 39 gold pieces
 17035 | D:10     | Bought a wand of iceblast (5) for 156 gold pieces
 17225 | D:12     | Got the Directory of the Cobbler
 17231 | D:12     | Learned a level 4 spell: Dispel Undead
 17242 | D:12     | Noticed a two-headed ogre
 17248 | D:12     | Killed a two-headed ogre
 17249 | D:12     | Reached skill level 1 in Necromancy
 17441 | D:12     | Reached skill level 12 in Dodging
 17571 | D:12     | Found Ygampag's Magic Scroll Emporium.
 17579 | D:12     | Bought a scroll of identify for 32 gold pieces
 17579 | D:12     | Bought a scroll of blinking for 120 gold pieces
 17907 | D:12     | Found Hoecu's Assorted Antiques.
 17962 | D:12     | Found Keaco's Distillery.
 17978 | D:12     | Lost mutation: You have an increased reservoir of magic.
                  | (+10% MP) [potion of mutation]
 17978 | D:12     | Gained mutation: Your body sometimes deteriorates upon
                  | taking damage. [potion of mutation]
 17978 | D:12     | Gained mutation: Your mind is acute. (Int +4, Str/Dex -1)
                  | [potion of mutation]
 17979 | D:12     | Lost mutation: Your mind is acute. (Int +4, Str/Dex -1)
                  | [potion of mutation]
 17979 | D:12     | Lost mutation: Your body sometimes deteriorates upon taking
                  | damage. [potion of mutation]
 17979 | D:12     | Gained mutation: Your body sometimes deteriorates upon
                  | taking damage. [potion of mutation]
 17979 | D:12     | Gained mutation: You have hidden genetic potential. [potion
                  | of mutation]
 17997 | D:12     | Found Telesuz's Antique Armour Boutique.
 18381 | D:12     | Found Xasch's Book Boutique.
 19025 | D:13     | Acquired the amulet of Nojenalu {rPois rC+ Regen+ Str+3
                  | Stlth-}
 19057 | D:12     | Bought 2 potions of mutation for 240 gold pieces
 19058 | D:12     | Lost mutation: Your body sometimes deteriorates upon taking
                  | damage. [potion of mutation]
 19058 | D:12     | Lost mutation: You have hidden genetic potential. [potion
                  | of mutation]
 19058 | D:12     | Gained mutation: You have a pair of small antennae on your
                  | head. [potion of mutation]
 19058 | D:12     | Gained mutation: You occasionally shout uncontrollably at
                  | your foes. [potion of mutation]
 19059 | D:12     | Lost mutation: You occasionally shout uncontrollably at
                  | your foes. [potion of mutation]
 19059 | D:12     | Lost mutation: You have a pair of small antennae on your
                  | head. [potion of mutation]
 19059 | D:12     | Gained mutation: Your muscles are strong. (Str +4, Int/Dex
                  | -1) [potion of mutation]
 19267 | D:13     | Noticed a boulder beetle
 19291 | D:13     | Killed a boulder beetle
 20144 | Lair:1   | Entered Level 1 of the Lair of Beasts
 20216 | Lair:1   | Reached XP level 13. HP: 60/60 MP: 22/27
 20491 | Lair:1   | Noticed Joseph
 20510 | Lair:1   | Killed Joseph
 20511 | Lair:1   | Reached skill level 5 in Necromancy
 21534 | Lair:2   | Found a staircase to the Swamp.
 21580 | Lair:2   | Found a shadowy altar of Dithmenos.
 21590 | Lair:2   | Reached skill level 13 in Dodging
 21594 | Lair:2   | Identified the +7 long sword of the Exiled Visions {vorpal,
                  | rElec rPois rN+ SInv}
 21884 | Lair:2   | Learned a level 3 spell: Tukima's Dance
 22428 | Lair:2   | Found a hole to the Spider Nest.
 22631 | Lair:2   | Reached skill level 10 in Fighting
 22882 | Lair:2   | Noticed Urug
 22896 | Lair:2   | Killed Urug
 25045 | Lair:4   | Found a radiant altar of Vehumet.
 25184 | Lair:4   | Reached skill level 10 in Spellcasting
 25318 | Lair:4   | Reached XP level 14. HP: 66/66 MP: 29/29
 25640 | Lair:4   | Reached skill level 14 in Dodging
 26032 | Lair:4   | Found a viscous altar of Jiyva.
 26039 | Lair:4   | Found a staircase to the Slime Pits.
 26447 | Lair:5   | Entered Level 5 of the Lair of Beasts
 26642 | Lair:5   | Mangled by a death yak
 26643 | Lair:5   | Reached XP level 13. HP: -6/62 MP: 23/37
 27420 | Lair:5   | Identified the amulet of Ateyfeafo {Spirit Harm SInv}
 28108 | Lair:5   | Reached skill level 15 in Dodging
 28141 | Lair:5   | Found a runed translucent door.
 28141 | Lair:5   | Noticed a fire dragon
 28172 | Lair:5   | Killed a fire dragon
 28678 | Lair:5   | Reached XP level 14. HP: 67/67 MP: 28/29
 29334 | Orc:1    | Entered Level 1 of the Orcish Mines
 29451 | Orc:1    | Noticed Harold
 29467 | Orc:1    | Killed Harold
 29516 | Orc:1    | Found a frozen archway.
 29536 | IceCv    | Entered an ice cave
 30370 | Orc:2    | Entered Level 2 of the Orcish Mines
 30382 | Orc:2    | Noticed an orc warlord
 30446 | Orc:2    | Noticed Azrael
 30446 | Orc:2    | Found a bloodstained altar of Trog.
 30446 | Orc:2    | Found a staircase to the Elven Halls.
 30484 | Orc:2    | Found Esuenas's Distillery.
 30739 | Orc:2    | Bought a potion of might for 56 gold pieces
 30739 | Orc:2    | Bought a potion of heal wounds for 70 gold pieces
 30739 | Orc:2    | Bought 2 potions of haste for 280 gold pieces
 30739 | Orc:2    | Reached XP level 15. HP: 72/72 MP: 30/30
 30749 | Orc:2    | Learned a level 8 spell: Summon Horrible Things
 30811 | Orc:2    | Killed an orc warlord
 31400 | Orc:2    | Reached skill level 15 in Summonings
 31568 | Orc:2    | Found Noasif's Distillery.
 31568 | Orc:2    | Found Esiffut's Antique Armour Shop.
 31618 | Orc:2    | Bought a potion of heal wounds for 75 gold pieces
 31866 | Orc:2    | Found Yniowk's General Store.
 31866 | Orc:2    | Found Vimevuru's Jewellery Shop.
 31873 | Orc:2    | Bought a scroll of identify for 34 gold pieces
 31873 | Orc:2    | Bought a potion of mutation for 136 gold pieces
 31956 | Orc:2    | Killed Azrael
 31957 | Orc:2    | Reached skill level 16 in Dodging
 33257 | D:10     | Bought a book of the Senses for 544 gold pieces
 33822 | D:14     | Noticed Josephine
 33830 | D:14     | Killed Josephine
 33963 | D:14     | Found a sparkling altar of Nemelex Xobeh.
 34992 | D:14     | Found a gate to the Vaults.
 35181 | D:15     | Entered Level 15 of the Dungeon
 35423 | Elf:1    | Entered Level 1 of the Elven Halls
 35723 | Elf:1    | Found a radiant altar of Vehumet.
 36011 | Elf:1    | Reached XP level 16. HP: 77/77 MP: 20/32
 36535 | Elf:1    | HP: 3/77 [+2 glaive of venom (15)]
 36538 | Elf:1    | Slain by a +2 glaive of venom
 36539 | Elf:1    | Reached XP level 15. HP: -4/109 MP: 17/31
 36571 | Elf:1    | HP: 3/73 [+4 vorpal dire flail (6)]
 36573 | Elf:1    | Mangled by a +4 vorpal dire flail
 36574 | Elf:1    | Reached XP level 14. HP: -9/69 MP: 20/30
 36765 | Spider:1 | Entered Level 1 of the Spider Nest
 36815 | Spider:1 | Reached skill level 17 in Dodging
 37096 | Spider:1 | Slain by a redback

Illustrated notes

Levels and vault maps discovered:
D:1:      nzn_arrival_depleted_hourglass, layout_loops_ring,
          hellmonk_ecumenical_altar_defaced_shrine, minmay_tetromino_o2
D:2:      layout_loops_ring
D:3:      layout_loops_corners, gammafunk_ghost_cemetery,
          minmay_misc_feat_encased, nicolae_concentric_dashed_squares_mild,
          uniq_crazy_yiuf_cottage
D:4:      layout_basic, minmay_temple_entry_offerings,
          chequers_ossuary_entry_cave, minmay_pentangle
D:5:      layout_layer_cave, serial_shops, nicolae_shop_trees,
          uniq_blork_the_orc
D:6:      layout_basic, serial_glass, glass_columns_c, glass_columns_b,
          glass_columns_b, glass_columns_c, glass_columns_b, glass_columns_a,
          glass_columns_c, glass_columns_a, glass_columns_c, glass_columns_a,
          glass_columns_b, glass_columns_b, glass_columns_b, glass_columns_c,
          serial_shops, shop_fountains, nicolae_shop_sticking_my_neck_out,
          uniq_prince_ribbit1, uniq_duvessa
D:7:      layout_loops_ring, serial_shops, nicolae_square_shop
D:8:      layout_loops_cross, mainiacjoe_overflow_chevrons
D:9:      layout_basic, nicolae_overflow_hidden_temple, enter_bailey_4,
          ebering_ghost_inner_flame
D:10:     layout_rooms, grunt_temple_overflow_bloody_war, minivault_12,
          uniq_erica, uniq_maurice, uniq_lodul, uniq_psyche, uniq_fannar,
          uniq_erolcha
D:11:     layout_rooms, due_lair_maze_entry_diamond, zombieorc2_lemuel,
          serial_shops, shop, uniq_sonja
D:12:     layout_stronghold, serial_shops, shop, shop, shop_fountains,
          nicolae_shop_trees, nicolae_shop_behind_doors
D:13:     layout_gridville
D:14:     layout_loops_ring, hangedman_vaults_entry_quadrant_bands,
          nemelex_diamond_rough_becter, uniq_josephine
D:15:     grunt_enter_depths_hoard, layout_gridville, corexii_hall_statues_i,
          serial_demonic, serial_demonic_c, serial_demonic_d, serial_demonic_a,
          serial_demonic_b, drop_trap
Temple:   eino_temple_water
Lair:1:   layout_chaotic_city, grunt_megastairs_4, uniq_joseph
Lair:2:   layout_cave_pods, swamp_mist_pool, spider_nest_entry_funnel_web,
          basic_altar, uniq_urug
Lair:3:   layout_cave_pods, st_stairs_8, beast_lair_carwin_1, lemuel_fruit_tree
Lair:4:   layout_gridlike, slime_entry_1, basic_altar, grunt_megastairs_1
Lair:5:   wormcave, layout_gridlike, hangedman_lair_caniforms_friends,
          gauntlet_entry_generic, chequers_serial_rivers_room_b
Spider:1: layout_spider_delve, uniq_rupert
Orc:1:    layout_caves, portal_ice_cave_rime, uniq_harold
Orc:2:    st_orc_town, layout_diamond_mine, basic_altar, guppyfry_orc_lava_fort,
          uniq_azrael
Elf:1:    eino_elf_arrival_altar, layout_geoelf_grid, special_room
          [special_room_orc], enter_trove_2, minivault_28

Skill      XL: |  1  2  3  4  5  6  7  8  9 10 11 12 13 14 15 |
---------------+----------------------------------------------+-----
Dodging        | 3 4 5 7 8 9 11 12 15 17 16 | 17.0
Stealth        | 3 |  3.3
Fighting       | 1 2 4 5 6 8 9 11 13 12 | 13.0
Spellcasting   | 3 4 5 6 7 9 10 12 11 | 12.0
Hexes          | 1 3 5 7 8 |  8.1
Summonings     | 5 6 13 14 15 | 15.7
Air Magic      | 2 3 4 5 6 7 |  7.0
Necromancy     | 4 8 9 |  9.2

Action                   |  1- 3 |  4- 6 |  7- 9 | 10-12 | 13-15 | 16-18 || total
-------------------------+-------+-------+-------+-------+-------+-------++-------
Melee: Unarmed           |    18 |     2 |    13 |    16 |    56 |     1 ||   106
       Bite              |     2 |       |       |     3 |     8 |       ||    13
       Punch             |       |       |       |       |     2 |       ||     2
 Cast: Summon Small Mamm |    53 |    36 |    50 |     9 |    10 |       ||   158
       Call Imp          |    16 |    12 |    14 |     3 |     1 |       ||    46
       Call Canine Famil |    13 |    17 |    39 |    36 |    71 |     4 ||   180
       Summon Guardian G |       |     2 |    23 |    11 |     7 |       ||    43
       Summon Lightning  |       |       |    14 |    49 |   122 |     5 ||   190
       Summon Cactus Gia |       |       |     9 |    60 |   163 |     9 ||   241
       Dispel Undead     |       |       |       |     2 |       |       ||     2
       Tukima's Dance    |       |       |       |       |    22 |       ||    22
Invok: Call Merchant     |       |       |       |     3 |       |       ||     3
       Potion Petition   |       |       |       |       |     1 |     1 ||     2
Evoke: Wand              |       |       |     3 |     2 |     6 |     2 ||    13
  Use: Scroll            |     8 |     1 |     8 |    13 |     7 |       ||    37
       Potion            |       |       |     7 |     6 |     7 |       ||    20
 Stab: Distracted        |     1 |       |       |       |     1 |       ||     2
       Paralysed         |       |       |     1 |       |       |       ||     1
Armor: Skin              |     3 |       |     2 |     2 |     9 |       ||    16
Dodge: Dodged            |    26 |     8 |    40 |    60 |   228 |     9 ||   371
Block: Other             |       |       |       |    19 |    52 |     1 ||    72
       Reflection        |       |       |       |     1 |     4 |       ||     5
